 Dungeon Crawl Stone Soup version 0.17-a0-18-gc25b939 (console) character file.

8923 Monkaria the Protected (level 11, -12/94 HPs)
             Began as a Minotaur Chaos Knight on Mar 6, 2015.
             Mangled by a sea snake (shapeshifter) (16 damage)
             ... on level 11 of the Dungeon.
             The game lasted 00:30:00 (11475 turns).

Monkaria the Protected (Minotaur Chaos Knight)     Turns: 11475, Time: 00:30:01

Health: -12/94     AC: 17    Str: 18    XL:     11   Next: 16%
Magic:  4/4        EV: 13    Int:  9    God:    Xom [...*..]
Gold:   380        SH:  0    Dex: 12    Spells: 0 memorised, 10 levels left

rFire  + . .     SeeInvis .     a - +1 falchion (chaos)
rCold  + . .     Clarity  +     x - +3 scale mail {rF+}
rNeg   + . .     SustAb   .     (no shield)
rPois  .         Gourm    .     (helmet restricted)
rElec  .         Spirit   .     y - +0 cloak
rCorr  .         Warding  +     w - +0 pair of gloves
rMut   .         Stasis   .     O - +0 pair of boots
MR     .....                    R - amulet of warding
Stlth  ..........               K - ring of flight
                                A - ring of wizardry

@: lethally poisoned (-12 -> -36), flying, not resistant to hostile
enchantments, extremely unstealthy
A: retaliatory headbutt, horns 2, clarity, cold resistance 1, wild magic 1
a: Renounce Religion


You were on level 11 of the Dungeon.
You worshipped Xom.
You were a favourite toy of Xom.
You were full.

You visited 2 branches of the dungeon, and saw 12 of its levels.

You collected 380 gold pieces.

Inventory:

Hand weapons
 a - a +1 falchion of chaos (weapon)
 e - a +0 blowgun
 z - the +10 hunting sling of Amortisation {flame, +Inv MR- Str+6 Int-3 Stlth+}
   (You found it on level 4 of the Dungeon)

   It causes projectiles fired from it to burn those they strike, causing extra
   injury to most foes and up to half again as much damage against particularly
   susceptible opponents.
   It affects your strength (+6).
   It affects your intelligence (-3).
   It affects your resistance to hostile enchantments.
   It lets you turn invisible.
   It makes you more stealthy.
 G - the +3 dagger of Chaos {elec, SInv}
   (You found it on level 4 of the Dungeon)

   Occasionally, upon striking a foe, it will discharge some electrical energy
   and cause terrible harm.
   It enhances your eyesight.
 P - the +0 whip of the Revolution {slash, rElec rF+ MR+ Dex-2}
   (You found it on level 7 of the Dungeon)

   It inflicts extra damage upon your enemies.
   It affects your dexterity (-2).
   It protects you from fire.
   It insulates you from electricity.
   It affects your resistance to hostile enchantments.
 T - a +2 long sword of freezing
 W - a +2 great sword
Missiles
 f - 15 poisoned needles
 B - 7 poisoned tomahawks (quivered)
 F - 2 silver tomahawks
 S - 3 steel tomahawks
Armour
 t - a +2 hat
 w - a +0 pair of gloves (worn)
 x - a +3 scale mail of fire resistance (worn)
 y - a +0 cloak (worn)
 L - the -1 ring mail "Streotz" {rElec Int+3}
   (You found it on level 6 of the Dungeon)

   It affects your intelligence (+3).
   It insulates you from electricity.
 O - a +0 pair of boots (worn)
 Y - a +0 large shield
Jewellery
 q - an uncursed amulet of resist mutation
 s - an uncursed amulet of the gourmand
 A - a ring of wizardry (left hand)
 K - a ring of flight (right hand)
 M - an uncursed amulet of resist corrosion
 R - an amulet of warding (around neck)
Magical devices
 n - a wand of digging (22)
 o - a wand of flame (28)
 U - a wand of frost (18)
 V - a wand of polymorph (20)
Scrolls
 d - 4 scrolls of teleportation
 k - a scroll of amnesia
 p - 2 scrolls of enchant weapon
 I - a scroll of enchant armour
 N - a scroll of recharging
Potions
 g - a potion of might
 h - 2 potions of restore abilities
 i - 3 potions of magic
 m - a potion of agility
 v - 2 potions of invisibility
 D - 3 potions of ambrosia
 Q - a potion of flight
 X - a potion of brilliance
Books
 l - a book of Beasts

   Spells                             Type                      Level
   a - Summon Butterflies             Summoning                    1
   b - Call Canine Familiar           Summoning                    3
   c - Summon Ice Beast               Ice/Summoning                4
   d - Summon Mana Viper              Hexes/Summoning              5
   e - Monstrous Menagerie            Summoning                    6
   f - Summon Hydra                   Summoning                    7
 H - a book of Cantrips

   Spells                             Type                      Level
   a - Corona                         Hexes                        1
   b - Animate Skeleton               Necromancy                   1
   c - Summon Small Mammal            Summoning                    1
   d - Apportation                    Translocation                1
Miscellaneous
 J - a plain deck of destruction {drawn: 3}
Comestibles
 c - 3 bread rations
 r - 12 royal jellies
 u - a slice of pizza
 E - 5 meat rations


   Skills:
 - Level 8.2 Fighting
 - Level 11.2 Long Blades
 - Level 14.0 Armour
 + Level 6.8 Dodging


You had 10 spell levels left.
You didn't know any spells.

Dungeon Overview and Level Annotations

Branches:
Dungeon (11/15)            Temple (1/1) D:4
   Lair: D:8-11         Orc: D:9-12

Altars:
Ashenzari
Cheibriados
Dithmenos
Elyvilon
Fedhas
Gozag
Kikubaaqudgha
Makhleb
Nemelex Xobeh
Okawaru
Qazlal
Ru
Sif Muna
Trog
Vehumet
Xom
Yredelemnul
Zin
The Shining One

Shops:
D:5 %


Innate Abilities, Weirdness & Mutations

You reflexively headbutt those who attack you in melee.
You have a pair of horns on your head.
You possess an exceptional clarity of mind.
Your flesh is cold resistant.
Your spells are a little harder to cast, but a little more powerful.


Message History

You don't know any spells.
Wield which item (- for none, * to show all)? (? for menu, Esc to quit)
Your +2 long sword of freezing stops glowing.
It is briefly surrounded by a scintillating aura of random colours.
a - a +1 falchion of chaos (weapon)
* * * LOW HITPOINT WARNING * * *
You feel sick.
The sea snake bites you but does no damage.
You hit the sea snake.
The sea snake goes berserk!
The sea snake is lightly wounded.
* * * LOW HITPOINT WARNING * * *
You feel sick. The sea snake barely misses you. You furiously retaliate!
You headbutt the sea snake! You slash the sea snake!
The sea snake seems to slow down.
You headbutt the sea snake.
The sea snake is moderately wounded.
* * * LOW HITPOINT WARNING * * *
You feel sick. The sea snake bites you!
You die...
Xom titters!

#...##....##.....##
..# ##...........#
. #........##.##
##.........#.#
#...........#
...#####..## ##? .#
#..#
.#....######.##
..(.)((..S@..#
...............#
)...########.## ..#
.# . ##


You could see a sea snake shaped shifter (berserk).

Vanquished Creatures
  2 unseen horrors
  2 trolls
  A two-headed ogre (D:10)
  A raven (D:7)
  6 yaks (D:9)
  A hippogriff (D:8)
  A wraith (D:10)
  A fire bat (D:6)
  A deep elf mage (D:10)
  Grum (D:11)
  5 wolves
  2 black bears (D:8)
  3 ice beasts
  A necrophage (D:5)
  2 sky beasts (D:6)
  A boggart (D:9)
  4 orc warriors
  2 ogres
  5 centaurs
  8 giant frogs
  A wyvern zombie (D:6)
  A wyvern skeleton (D:9)
  A scorpion (D:4)
  9 wights (D:8)
  A goliath beetle (D:6)
  A crimson imp (D:6)
  A giant frog zombie (D:8)
  5 orc priests
  2 centaur skeletons (D:8)
  An iron imp (D:6)
  5 jellies
  4 giant frog skeletons
  16 orc wizards
  5 iguanas
  5 hounds
  A sheep (D:9)
  6 worker ants
  Ijyb (D:2)
  A hound zombie (D:8)
  Terence (D:2)
  Robin (D:2)
  A gnoll (D:9)
  11 adders
  A giant mite (D:8)
  4 shadow imps
  An ufetubus (D:3)
  An adder skeleton (D:4)
  6 giant geckos
  8 oozes
  33 orcs
  A ball python (shapeshifter) (D:6)
  17 bats
  7 giant cockroaches
  22 hobgoblins
  5 jackals
  17 kobolds
  4 quokkas
  A ball python (D:2)
  2 giant newts
  12 goblins
  15 rats
  7 ballistomycetes (D:9)
295 creatures vanquished.

Vanquished Creatures (collateral kills)
  A two-headed ogre (D:10)
  A wraith (D:10)
  2 yaks (D:9)
  A sky beast (D:9)
  A black bear (D:7)
  An orc wizard (D:7)
  2 gnolls (D:9)
  2 orcs
  A rat (D:10)
12 creatures vanquished.

Vanquished Creatures (others)
  An iron imp (D:9)
  A giant spore (D:9)
  A rat (D:2)
3 creatures vanquished.

Grand Total: 310 creatures vanquished

Notes
Turn   | Place    | Note
--------------------------------------------------------------
     0 | D:1      | Monkaria, the Minotaur Chaos Knight, began the quest for the Orb.
     0 | D:1      | Reached XP level 1. HP: 19/19 MP: 1/1
   162 | D:1      | Reached skill level 4 in Fighting
   274 | D:1      | Reached XP level 2. HP: 21/27 MP: 1/1
   430 | D:1      | XOM: harmless Trmt miscast
   525 | D:1      | XOM: divination: detect items
   671 | D:1      | XOM: mild Air miscast
   873 | D:1      | XOM: divination: detect creatures
   928 | D:1      | XOM: colour smoke trail
  1119 | D:2      | Reached XP level 3. HP: 30/34 MP: 2/2
  1177 | D:2      | XOM: harmless Summ miscast
  1191 | D:2      | Noticed Terence
  1200 | D:2      | Killed Terence
  1213 | D:2      | Reached skill level 5 in Long Blades
  1225 | D:2      | Reached XP level 4. HP: 14/41 MP: 2/2
  1382 | D:2      | XOM: give mutations
  1382 | D:2      | Gained mutation: You have an increased reservoir of magic (+10% MP). [Xom's grace]
  1382 | D:2      | Gained mutation: You have large cloven feet. [Xom's grace]
  1382 | D:2      | Gained mutation: Your flesh is cold resistant. [Xom's grace]
  1382 | D:2      | Gained mutation: Your spells are a little harder to cast, but a little more powerful. [Xom's grace]
  1818 | D:2      | Noticed Ijyb
  1827 | D:2      | Killed Ijyb
  2010 | D:2      | Reached skill level 5 in Fighting
  2146 | D:2      | Noticed Robin
  2166 | D:2      | Killed Robin
  2166 | D:2      | Reached XP level 5. HP: 10/48 MP: 2/2
  2353 | D:2      | XOM: harmless Trmt miscast
  2724 | D:3      | XOM: 1-stop teleportation journey
  2744 | D:3      | XOM: vitrification
  2861 | D:3      | XOM: summons 2 hostile demons
  2910 | D:3      | Reached skill level 6 in Long Blades
  3076 | D:3      | XOM: god gift: glowing scale mail {god gift}
  3256 | D:4      | XOM: 7-stop teleportation journey
  3350 | D:4      | Got a smoking hunting sling
  3351 | D:4      | Identified the +10 hunting sling of Amortisation {flame, +Inv MR- Str+6 Int-3 Stlth+} (You found it on level 4 of the Dungeon)
  3411 | D:4      | Found a staircase to the Ecumenical Temple.
  3440 | Temple   | Entered the Ecumenical Temple
  3532 | Temple   | XOM: divination: detect items
  3616 | Temple   | XOM: divination: detect creatures
  3702 | D:4      | XOM: potion effect (berserk rage)
  3713 | D:4      | Reached XP level 6. HP: 57/57 MP: 3/3
  3834 | D:4      | Got an ichor-stained dagger
  3843 | D:4      | Identified the cursed +3 dagger of Chaos {elec, SInv} (You found it on level 4 of the Dungeon)
  3864 | D:4      | XOM: mild Hex miscast
  3881 | D:4      | Reached skill level 7 in Long Blades
  4144 | D:5      | Entered Level 5 of the Dungeon
  4194 | D:5      | Reached skill level 8 in Long Blades
  4202 | D:5      | Reached XP level 7. HP: 33/63 MP: 3/3
  4305 | D:5      | Found Smybij's Food Shop.
  4375 | D:5      | Reached skill level 9 in Long Blades
  4682 | D:5      | Found a sparkling altar of Nemelex Xobeh.
  4691 | D:5      | XOM: harmless Fire miscast
  4886 | D:5      | XOM: silly message
  4939 | D:5      | XOM: colour smoke trail
  4967 | D:6      | XOM: potion effect (brilliance)
  4969 | D:6      | XOM: potion effect (brilliance)
  4970 | D:6      | XOM: potion effect (invisibility)
  5271 | D:6      | Reached skill level 10 in Long Blades
  5292 | D:6      | Got a jacinth-encrusted ring mail
  5303 | D:6      | Identified the cursed -1 ring mail "Streotz" {rElec Int+3} (You found it on level 6 of the Dungeon)
  5326 | D:6      | XOM: silly message
  5485 | D:6      | XOM: mild Air miscast
  5507 | D:6      | Reached XP level 8. HP: 70/70 MP: 3/3
  5591 | D:6      | XOM: confuse monster(s)
  5592 | D:6      | XOM: potion effect (brilliance)
  5597 | D:6      | Reached skill level 11 in Long Blades
  5639 | D:6      | XOM: mild Chrm miscast
  5760 | D:6      | XOM: divination: detect items
  5771 | D:6      | XOM: harmless Conj miscast
  5772 | D:6      | XOM: divination: detect creatures
  5890 | D:6      | XOM: silly message
  6047 | D:6      | XOM: divination: detect creatures
  6159 | D:6      | XOM: colour smoke trail
  6254 | D:6      | XOM: polymorph adder -> goblin
  6499 | D:6      | XOM: potion effect (invisibility)
  6509 | D:6      | XOM: smoke on damage
  6633 | D:6      | XOM: noise
  6666 | D:6      | XOM: mild Trmt miscast
  6693 | D:6      | Lost mutation: You have large cloven feet. [mutagenic meat]
  6760 | D:6      | Found a glowing golden altar of the Shining One.
  6763 | D:6      | XOM: butterfly on damage
  6767 | D:6      | Reached skill level 5 in Armour
  6917 | D:6      | Reached XP level 9. HP: 77/81 MP: 4/4
  7008 | D:6      | XOM: summons 2 hostile demons
  7079 | D:7      | Found a shattered altar of Ashenzari.
  7124 | D:7      | Got a faintly glowing whip
  7182 | D:7      | Found a bloodstained altar of Trog.
  7198 | D:7      | XOM: mild Erth miscast
  7206 | D:7      | XOM: polymorph ogre -> raven
  7233 | D:7      | XOM: 1-stop teleportation journey
  7262 | D:7      | XOM: medium Tloc miscast
  7269 | D:7      | XOM: summons friendly white imp
  7293 | D:7      | XOM: divination: magic mapping
  7495 | D:7      | XOM: cast spell 'Confusing Touch'
  7580 | D:7      | XOM: summons 3 friendly demons
  7627 | D:8      | XOM: harmless Tloc miscast
  7640 | D:8      | XOM: medium Erth miscast
  7797 | D:8      | Identified the cursed +0 whip of the Revolution {slash, rElec rF+ MR+ Dex-2} (You found it on level 7 of the Dungeon)
  7806 | D:8      | XOM: silly message
  7862 | D:8      | Reached skill level 10 in Armour
  8242 | D:8      | Found a stormy altar of Qazlal.
  8348 | D:8      | XOM: blink monster(s)
  8489 | D:8      | XOM: mild Divn miscast
  8528 | D:8      | Reached XP level 10. HP: 67/88 MP: 4/4
  9061 | D:9      | XOM: colour smoke trail
  9106 | D:9      | XOM: 3-stop teleportation journey
  9107 | D:9      | XOM: polymorph gnoll sergeant -> boggart
  9117 | D:9      | XOM: cast spell 'Call Canine Familiar'
  9178 | D:9      | XOM: give mutations
  9178 | D:9      | Gained mutation: You possess an exceptional clarity of mind. [Xom's grace]
  9178 | D:9      | Gained mutation: Your system is resistant to poisons. [Xom's grace]
  9268 | D:9      | XOM: summons friendly iron imp
  9273 | D:9      | XOM: confuse monster(s)
  9280 | D:9      | Reached skill level 12 in Armour
  9292 | D:9      | XOM: give mutations
  9292 | D:9      | Gained mutation: Your flesh is heat resistant. [Xom's grace]
  9292 | D:9      | Gained mutation: Your mind is acute. (Int +2) [Xom's grace]
  9403 | D:9      | XOM: confuse monster(s)
  9487 | D:9      | Reached skill level 13 in Armour
  9550 | D:9      | XOM: summons 3 friendly demons
  9557 | D:9      | XOM: confuse monster(s)
  9563 | D:9      | XOM: noise
  9777 | D:9      | Killed an unseen horror
  9777 | D:9      | Reached skill level 14 in Armour
  9845 | D:9      | Found an opulent altar of Gozag.
  9845 | D:9      | Found a basalt altar of Yredelemnul.
  9960 | D:9      | XOM: harmless Fire miscast
  9990 | D:9      | XOM: god gift: glowing hat {god gift}
 10264 | D:9      | Gained mutation: You are somewhat resistant to further mutation. [potion of beneficial mutation]
 10305 | D:10     | Entered Level 10 of the Dungeon
 10455 | D:10     | XOM: enchant monster (good)
 10503 | D:10     | XOM: confuse monster(s)
 10731 | D:9      | XOM: give mutation
 10731 | D:9      | Gained mutation: You have a pair of large horns on your head. [Xom's grace]
 10945 | D:10     | Killed an unseen horror
 10963 | D:10     | XOM: enchant monster (good)
 10966 | D:10     | Reached skill level 5 in Dodging
 10966 | D:10     | Reached XP level 11. HP: 54/94 MP: 4/4
 11068 | D:10     | XOM: medium Air miscast
 11162 | D:11     | Noticed Grum
 11166 | D:11     | XOM: cast spell 'Olgreb's Toxic Radiance'
 11168 | D:11     | XOM: enchant monster (bad)
 11176 | D:10     | XOM: summons friendly quasit
 11177 | D:10     | XOM: smoke on damage
 11424 | D:11     | Killed Grum
 11454 | D:11     | Noticed a hill giant
 11456 | D:11     | XOM: enchant monster (bad)
 11458 | D:11     | Noticed a sea snake
 11458 | D:11     | a hill giant changed into a sea snake
 11458 | D:11     | XOM: polymorph hill giant -> sea snake
 11471 | D:11     | Lost mutation: You have a pair of large horns on your head. [potion of cure mutation]
 11471 | D:11     | Lost mutation: Your mind is acute. (Int +2) [potion of cure mutation]
 11471 | D:11     | Lost mutation: You are somewhat resistant to further mutation. [potion of cure mutation]
 11471 | D:11     | Lost mutation: Your flesh is heat resistant. [potion of cure mutation]
 11471 | D:11     | Lost mutation: Your system is resistant to poisons. [potion of cure mutation]
 11471 | D:11     | Lost mutation: You have an increased reservoir of magic (+10% MP). [potion of cure mutation]
 11475 | D:11     | HP: 4/94 [poisoned by a sea snake]
 11475 | D:11     | Mangled by a sea snake (shapeshifter)

Action                   |  1- 3 |  4- 6 |  7- 9 | 10-12 || total
-------------------------+-------+-------+-------+-------++-------
Melee: Falchion          |    87 |   212 |   311 |     2 ||   612
       Long sword        |       |       |    71 |   299 ||   370
 Fire: Blowgun           |       |       |       |     5 ||     5
Throw: Tomahawk          |       |       |     2 |     2 ||     4
Evoke: Wand              |       |     1 |     1 |       ||     2
       Deck              |       |       |     2 |     1 ||     3
  Use: Scroll            |       |    12 |     5 |    11 ||    28
       Potion            |       |       |     3 |     9 ||    12
 Stab: Paralysed         |       |     2 |     5 |     5 ||    12
       Invisible         |       |       |     7 |       ||     7
       Petrifying        |       |       |     4 |       ||     4
       Confused          |       |       |       |     5 ||     5
  Eat: Chunk             |     1 |    20 |    18 |     5 ||    44
       Beef jerky        |       |       |       |     1 ||     1
